 Dungeon Crawl Stone Soup version 0.18.1-50-g88ac8fd (webtiles) character file.

81 Iflex the Poker (level 4, -5/34 HPs)
             Began as a Merfolk Gladiator on Oct 2, 2016.
             Slain by Sigmund
             ... wielding a +0 scythe
              (13 damage)
             ... on level 2 of the Dungeon.
             The game lasted 00:03:59 (1465 turns).

Iflex the Poker (Merfolk Gladiator)                 Turns: 1465, Time: 00:03:59

Health: -5/34      AC:  5    Str: 16    XL:     4   Next: 40%
Magic:  4/4        EV: 15    Int:  7    God:
Gold:   25         SH:  0    Dex: 18    Spells: 0 memorised, 3 levels left

rFire  . . .     SeeInvis .     a - +1 trident
rCold  . . .     Gourm    .     b - +0 leather armour
rNeg   . . .     Faith    .     (no shield)
rPois  .         Spirit   .     c - +0 helmet
rElec  .         Dismiss  .     q - +0 cloak
rCorr  .         Reflect  .     (no gloves)
SustAt .         Harm     .     (no boots)
MR     .....                    (no amulet)
Stlth  +.........               (no ring)
                                i - +4 ring of dexterity

@: confused, not resistant to hostile enchantments, very unstealthy
A: change form in water, swift swim
a: no special abilities


You were on level 2 of the Dungeon.
You were not hungry.

You visited 1 branch of the dungeon, and saw 2 of its levels.

You collected 25 gold pieces.

Inventory:

Hand Weapons
 a - a +1 trident (weapon)
Missiles
 d - 3 throwing nets (quivered)
Armour
 b - a +0 leather armour (worn)
 c - a +0 helmet (worn)
 q - a +0 cloak (worn)
Jewellery
 h - an uncursed ring of sustain attributes {unknown}
 i - a +4 ring of dexterity (left hand)
 l - an uncursed amulet of regeneration {unknown}
Scrolls
 k - a scroll of enchant weapon
 n - a scroll of fog
Potions
 e - 2 potions of degeneration {unknown}
 m - a potion of heal wounds {unknown}
 o - a potion of haste {unknown}
 p - a potion of lignification {unknown}
 r - a potion of brilliance {unknown}
Comestibles
 f - a bread ration
 g - a chunk of flesh
 j - a slice of pizza


   Skills:
 + Level 2.9 Fighting
 + Level 5.5 Polearms
 + Level 2.2 Throwing
 + Level 0.4 Armour
 + Level 4.7 Dodging
 + Level 1.3 Stealth


You had 3 spell levels left.
You didn't know any spells.

Dungeon Overview and Level Annotations

Branches:
Dungeon (2/15)

Altars:

Annotations:
D:2 Sigmund


Message History

A puff of flame appears from out of thin air!
The puff of flame hits you!
No target in view!
No target in view!
Something hits you!
* * * LOW HITPOINT WARNING * * *
You hear some strange, mumbled words.
You are confused.
Something barely misses you.
You bump into the stone wall.
You hear some strange, mumbled words.
A magic dart appears from out of thin air!
The magic dart hits you!
* * * LOW HITPOINT WARNING * * *
There is a large open door here.
You hear some strange, mumbled words.
You are more confused.
There is a large open door here.
You're too confused to move!
Something hits you!
You die...

*##........##...###....###.....§§
##..........##...##........####§§
#............##.(..............##
..............##.................
...............##..........####..
......))(....(..#................
.........(......##.#....########.
.....♣..♣.......#..####..### #.
.....)♣♣...(....@...####...# ##.
......♣♣.......{'.#....#...# ##..
.....♣..♣.......######.....###...
................# ##....#...#.
................# #......####
...............## ##.....#
..............## #...#.##
#............### #...#..#
##..........##.# ####...##.##


There were no monsters in sight!

Vanquished Creatures
  3 adders (D:2)
  3 worms (D:2)
  A dart slug (D:2)
  2 giant geckos (D:1)
  A giant cockroach (D:2)
  8 goblins
  5 hobgoblins (D:1)
  A quokka (D:2)
  5 bats
  4 giant newts (D:1)
  4 kobolds
  5 rats
42 creatures vanquished.

Notes
Turn   | Place    | Note
--------------------------------------------------------------
     0 | D:1      | Iflex the Merfolk Gladiator began the quest for the Orb.
     0 | D:1      | Reached XP level 1. HP: 16/16 MP: 1/1
   149 | D:1      | Reached XP level 2. HP: 15/22 MP: 2/2
   251 | D:1      | Reached skill level 5 in Polearms
   768 | D:1      | Reached XP level 3. HP: 28/28 MP: 3/3
  1181 | D:2      | Reached skill level 1 in Stealth
  1181 | D:2      | Reached XP level 4. HP: 27/34 MP: 4/4
  1422 | D:2      | Noticed Sigmund
  1465 | D:2      | Slain by Sigmund

Skill      XL: |  1  2  3 |
---------------+----------+-----
Polearms       | 5 |  5.5
Stealth        | 1 |  1.3
Fighting       | |  2.9
Throwing       | |  2.2
Armour         | |  0.4
Dodging        | |  4.7

Action                   |  1- 3 |  4- 6 || total
-------------------------+-------+-------++-------
Melee: Trident           |    96 |    21 ||   117
Throw: Throwing net      |     1 |     3 ||     4
  Use: Scroll            |     6 |       ||     6
 Stab: Sleeping          |     4 |       ||     4
       Held in net/web   |       |     2 ||     2
  Eat: Chunk             |     1 |     1 ||     2
Armor: Leather armour    |    18 |       ||    18
Dodge: Dodged            |    58 |     6 ||    64
